 Seeded DCSS version 0.25-a0-949-gdd2af9e (webtiles) character file.

Game seed: 7545656194628248485, levelgen mode: deterministic

75793 Illumine the Thaumaturge (level 15, -37/115 HPs)
             Began as a Gnoll Summoner on May 6, 2020.
             Was an Elder of Sif Muna.
             Killed from afar by a purple draconian (45 damage)
             ... with a bolt of dispelling energy
             ... in a wizard's laboratory on May 7, 2020.
             The game lasted 02:46:28 (42146 turns).

Illumine the Thaumaturge (Gnoll Summoner)          Turns: 42146, Time: 02:46:28

Health: -37/115    AC: 17    Str: 10    XL:     15   Next: 51%
Magic:  18/30      EV: 18    Int: 28    God:    Sif Muna [****..]
Gold:   2447       SH:  0    Dex: 20    Spells: 14/36 levels left

rFire    . . .     SeeInvis +   b - +2 falchion (elec)
rCold    + . .     Gourm    +   Q - +0 buckler
rNeg     . . .     Faith    .   Z - +0 swamp dragon scales
rPois    +         Spirit   .   E - +0 hat {SInv}
rElec    .         Reflect  .   X - +1 cloak of Protective Custody {rC+ Int+5}
rCorr    .         Harm     .   R - +0 pair of gloves
MR       +....                  (no boots)
Stlth    +.........             v - amulet of the gourmand
HPRegen  0.29/turn              Y - +3 ring of dexterity
MPRegen  0.22/turn              q - +3 ring of protection

@: confused
A: distributed training, fangs 1, strong nose
a: Channel Magic, Forget Spell, Divine Exegesis, Renounce Religion


You were in a wizard's laboratory.
You worshipped Sif Muna.
Sif Muna was greatly pleased with you.
You were not hungry.

You visited 7 branches of the dungeon, and saw 30 of its levels.
You also visited: Volcano and Wizlab.

You collected 2447 gold pieces.

Inventory:

Hand Weapons
 b - a +2 falchion of electrocution (weapon)
 A - a +1 executioner's axe of electrocution
 U - the +6 shillelagh "Devastator" {shatter}
   (You found it on level 1 of the Lair of Beasts)
Armour
 f - the cursed -6 helmet of the Prince {rElec MR+ Str+6 Dex-4}
   (You found it on level 7 of the Dungeon)

   It affects your strength (+6).
   It affects your dexterity (-4).
   It insulates you from electricity.
   It affects your resistance to hostile enchantments.
   It has a curse placed upon it.
 i - +0 fire dragon scales
 E - a +0 hat of see invisible (worn)
 N - a +2 robe of resistance
 Q - a +0 buckler (worn)
 R - a +0 pair of gloves (worn)
 W - the +6 plate armour "Deqipnos" {Str+3}
   (You took it off an orc warrior on level 7 of the Dungeon)

   It affects your strength (+3).
 X - the +1 cloak of Protective Custody (worn) {rC+ Int+5}
   (You found it on level 7 of the Dungeon)

   It affects your intelligence (+5).
   It protects you from cold.
 Z - +0 swamp dragon scales (worn)
Jewellery
 a - an uncursed ring of positive energy
 h - an uncursed ring of resist corrosion
 q - a +3 ring of protection (right hand)
 v - an amulet of the gourmand (around neck)
 y - a +2 ring of protection
 T - an uncursed ring of fire
 V - an uncursed ring of ice
 Y - a +3 ring of dexterity (left hand)
Wands
 l - a wand of enslavement (10)
 r - a wand of disintegration (9)
 x - a wand of acid (9)
 D - a wand of flame (29)
 K - a wand of digging (7)
 M - a wand of clouds (5)
Scrolls
 d - 6 scrolls of enchant armour
 k - 3 scrolls of immolation
 o - 3 scrolls of enchant weapon
 p - 2 scrolls of blinking {unknown}
 s - 6 scrolls of fear
 C - 2 scrolls of acquirement {unknown}
 F - 13 scrolls of teleportation
 G - 10 scrolls of remove curse
 I - a scroll of random uselessness {unknown}
 J - 5 scrolls of amnesia
 S - a scroll of holy word {unknown}
Potions
 e - 3 potions of curing
 j - 5 potions of berserk rage
 m - 7 potions of brilliance
 n - 2 potions of resistance
 t - a potion of ambrosia
 u - 7 potions of flight
 w - 3 potions of cancellation
 z - 3 potions of lignification
 B - 2 potions of magic
 H - 4 potions of might
 O - a potion of mutation
Miscellaneous
 P - a tin of tremorstones
Comestibles
 c - 26 rations


   Skills:
 + Level 10.0 Fighting
 + Level 10.0 Short Blades
 + Level 10.0 Long Blades
 + Level 10.0 Axes
 + Level 10.0 Maces & Flails
 + Level 10.0 Polearms
 + Level 10.0 Staves
 + Level 10.0 Slings
 + Level 10.0 Bows
 + Level 10.0 Crossbows
 + Level 10.0 Throwing
 + Level 10.0 Armour
 + Level 11.0 Dodging
 + Level 10.8 Stealth
 + Level 10.0 Shields
 + Level 10.0 Unarmed Combat
 + Level 11.1 Spellcasting
 + Level 8.4 Conjurations
 + Level 8.4 Hexes
 + Level 8.4 Charms
 + Level 10.9 Summonings
 + Level 8.4 Necromancy
 + Level 8.4 Translocations
 + Level 8.4 Transmutations
 + Level 8.4 Fire Magic
 + Level 8.4 Ice Magic
 + Level 8.4 Air Magic
 + Level 8.4 Earth Magic
 + Level 8.4 Poison Magic
 + Level 10.8 Invocations
 + Level 10.0 Evocations


You had 14 spell levels left.
You knew the following spells:

 Your Spells              Type           Power        Failure   Level  Hunger
a - Passage of Golubria   Tloc           N/A          2%          4    None
b - Call Imp              Summ           ######..     1%          2    None
c - Call Canine Familiar  Summ           ######..     1%          3    None
d - Summon Guardian Gole  Hex/Summ       ######..     1%          3    None
e - Summon Lightning Spi  Summ/Air       ######..     1%          4    None
f - Summon Ice Beast      Ice/Summ       ######..     1%          4    None
g - Apportation           Tloc           ######       1%          1    None
h - Summon Butterflies    Summ           ######..     1%          1    None

Your spell library contained the following spells:

 Spells                   Type           Power        Failure   Level  Hunger
 Animate Skeleton         Necr           N/A          1%          1    None
 Beastly Appendage        Tmut           ######       1%          1    None
 Corona                   Hex            ######.      1%          1    None
 Sting                    Tmut/Pois      ####         1%          1    None
 Summon Small Mammal      Summ           ####         1%          1    None
 Passwall                 Tmut/Erth      ######..     1%          2    None
 Poisonous Vapours        Pois/Air       ######       1%          2    None
 Sticks to Snakes         Tmut           ######..     1%          2    None
 Sublimation of Blood     Necr           ######....   1%          2    None
 Swiftness                Chrm/Air       ######..     1%          2    None
 Ignite Poison            Fire/Tmut/Pois ######..     1%          3    None
 Inner Flame              Hex/Fire       ######..     1%          3    None
 Mephitic Cloud           Conj/Pois/Air  ######..     1%          3    None
 Recall                   Summ/Tloc      N/A          1%          3    None
 Spider Form              Tmut/Pois      ######....   1%          3    None
 Cause Fear               Hex            ######....   2%          4    None
 Fulminant Prism          Conj/Hex       ######....   2%          4    None
 Ice Form                 Ice/Tmut       ######..     2%          4    None
 Olgreb's Toxic Radiance  Pois           ######..     2%          4    None
 Sticky Flame             Conj/Fire      ######..     2%          4    None
 Aura of Abjuration       Summ           ######....   2%          5    ###....
 Blade Hands              Tmut           ######....   6%          5    ###....
 Fireball                 Conj/Fire      ######....   6%          5    ###....
 Lee's Rapid Deconstruct  Erth           ######....   6%          5    ###....
 Metabolic Englaciation   Hex/Ice        ######....   6%          5    ###....
 Silence                  Hex/Air        ######....   6%          5    ###....
 Yara's Violent Unravell  Hex/Tmut       ######....   6%          5    ###....
 Darkness                 Hex            ######....   34%         6    #####..
 Eringya's Noxious Bog    Tmut/Pois      ######....   34%         6    #####..
 Freezing Cloud           Conj/Ice/Air   ######....   34%         6    #####..
 Invisibility             Hex            ######..     34%         6    #####..
 Ozocubu's Refrigeration  Ice            ######....   34%         6    #####..
 Simulacrum               Ice/Necr       ######....   34%         6    #####..
 Statue Form              Tmut/Erth      ######...    34%         6    #####..
 Summon Hydra             Summ           ######....   56%         7    ######.
 Haunt                    Necr/Summ      ######....   75%         7    ######.
 Dragon Form              Tmut           ######....   89%         7    ######.
 Borgnjor's Revivificati  Necr           ######....   100%        8    #######
 Discord                  Hex            ######....   100%        8    #######
 Fire Storm               Conj/Fire      ######....   100%        9    #######


Dungeon Overview and Level Annotations

Branches:
Dungeon (15/15)            Temple (1/1) D:6            Lair (6/6) D:11
  Swamp (4/4) Lair:4       Spider (1/4) Lair:2        Slime (0/5) Lair:6
    Orc (2/2) D:12            Elf (1/3) Orc:2        Vaults (0/5) D:13
Volcano (visited)          WizLab (1/1)
 Depths: D:15

Altars:
Ashenzari
Cheibriados
Dithmenos
Elyvilon
Fedhas
Gozag
Kikubaaqudgha
Okawaru
Qazlal
Sif Muna
Trog
Vehumet
Wu Jian
Xom
Yredelemnul
The Shining One
Beogh

Shops:
Orc:2 (*=[

Annotations:
Lair:4 3 runed translucent doors, exclusion: oklob plant, Nyzic's ghost, journeyman TrMo
Lair:5 3 runed translucent doors, Qeimiotua's ghost, journeyman MiFi


Innate Abilities, Weirdness & Mutations

Your experience applies equally to all skills.
You have very sharp teeth.
Your uncanny sense of smell can sniff out nearby items.


Message History

You hit the purple draconian but do no damage.
Your lightning spire shoots out a bolt of lightning at the purple draconian!
The bolt of electricity hits the purple draconian! x2
The bolt of electricity hits your lightning spire.
Your lightning spire completely resists.
The purple draconian hits you with a +0 short sword!
* * * LOW HITPOINT WARNING * * *
The deep elf mage points at you and mumbles some strange words.
The magic dart hits you.
* * * LOW HITPOINT WARNING * * *
You are confused.
You feel invigorated.
The deep elf mage hits your ice beast with a +0 rapier of speed.
Your ice beast hits the purple draconian.
Your ice beast freezes the purple draconian!!
The purple draconian closely misses your ice beast.
The purple draconian breathes dispelling energy at you.
The bolt of dispelling energy hits you!!!
Your magical effects are unravelling.
You die...

##............ #
.#...........##.
...............#
...d......§§§##
*.*eY..§.§§§.#∩##
.§......)§§§.##.#
........#8###.#§#
#.#.#.#e#d#§##∩##
.#.#.#.#@#8#§§##
##############


You could see 2 draconians, 2 deep elf magi, a battlesphere, a friendly ice
beast and a friendly lightning spire.

Vanquished Creatures
  A purple draconian (WizLab)
  A statue (WizLab)
  A centaur warrior (D:13)
  A catoblepas (D:13)
  5 alligators
  A ghost crab (Swamp:3)
  A tengu warrior (D:15)
  A two-headed ogre (D:12)
  An unseen horror (D:12)
  A swamp dragon (Swamp:3)
  The ghost of iishen the Archer, a novice CeHu of Okawaru (D:7)
  2 necromancers (D:13)
  A wolf spider (Spider:1)
  4 ugly things (D:15)
  4 deep elf magi (WizLab)
  An orc sorcerer (Orc:2)
  2 black mambas (Lair:6)
  4 centaur zombies
  2 elephants (Lair:5)
  A molten gargoyle (Lair:6)
  A gargoyle (D:14)
  5 spiny frogs
  A centaur skeleton (D:13)
  4 komodo dragons
  A freezing wraith (D:13)
  2 trolls
  2 jumping spiders (Lair:2)
  A tyrant leech (Swamp:4)
  5 slime creatures
  2 blink frogs
  A shadow (Swamp:1)
  A spriggan (D:7)
  A wraith (D:15)
  3 hogs (D:15)
  11 yaks
  3 wyverns
  2 humans (D:13)
  A hungry ghost (D:12)
  A vampire mosquito (D:13)
  2 swamp worms
  3 water moccasins
  A warg (Orc:1)
  3 soldier ants
  2 porcupines (Lair:2)
  3 ice beasts
  A hornet zombie (D:10)
  6 orc warriors
  3 phantoms
  A centaur (D:6)
  3 ogres
  7 wolves
  5 crocodiles
  2 big kobolds
  6 bullfrogs
  A scorpion (D:5)
  A wyvern skeleton (D:6)
  4 killer bees (D:10)
  2 crimson imps
  3 hounds
  6 orc wizards
  A quasit (D:5)
  An orc priest (D:5)
  2 bullfrog skeletons
  A jelly (D:6)
  An iguana (D:9)
  8 worker ants
  A killer bee zombie (D:6)
  A nameless horror (D:6)
  A hound zombie (D:10)
  2 hound skeletons
  2 adders
  2 shadow imps
  2 adder zombies (D:6)
  2 leopard geckos
  11 orcs
  2 giant cockroaches (D:6)
  12 jackals
  4 kobolds
  A quokka (D:6)
  A frilled lizard (D:3)
  A leopard gecko skeleton (D:4)
  A plant (D:11)
209 creatures vanquished.

Vanquished Creatures (collateral kills)
  Rupert (D:12)
  Gastronok (Orc:1)
  Kirke (D:15)
  Roxanne (D:14)
  An orc warlord (Orc:1)
  Aizul (Swamp:2)
  2 entropy weavers (Lair:6)
  A stone giant (Orc:2)
  A red draconian (Volcano)
  A purple draconian (WizLab)
  The ghost of Weugil the Slicer, a journeyman HaBe of Trog (Lair:2)
  2 fire dragons
  Josephine (D:12)
  2 vault guards (D:13)
  Fannar (D:11)
  9 hydras
  A queen ant (Lair:6)
  3 alligators (Swamp:1)
  A tengu warrior (D:15)
  6 two-headed ogres
  3 death knights
  2 orc high priests
  Sonja (D:10)
  A fire crab (Lair:6)
  2 skeletal warriors (D:14)
  2 spriggan druids (Swamp:2)
  A wizard (D:13)
  2 phantasmal warriors (D:13)
  5 swamp dragons
  A wolf spider zombie (D:11)
  Pikel (D:5)
  An orc sorcerer (Orc:2)
  14 ugly things
  4 orc knights
  2 manticores (D:14)
  A wolf spider (Spider:1)
  5 deep elf magi
  An elephant (Lair:5)
  2 cyclopes
  3 black mambas (Lair:6)
  Psyche (D:8)
  2 centaur zombies
  A gargoyle (D:15)
  2 molten gargoyles (Lair:6)
  7 spiny frogs
  A rime drake (Lair:3)
  7 komodo dragons
  A kobold demonologist (D:12)
  2 freezing wraiths (D:14)
  A spiny frog (shapeshifter) (D:14)
  2 tengu conjurers
  5 trolls
  3 tyrant leeches
  A hornet (Swamp:3)
  3 bog bodies
  5 slime creatures
  Prince Ribbit (D:5)
  8 blink frogs
  5 hippogriffs
  A shadow (D:13)
  2 tarantellas (Spider:1)
  A vampire (D:14)
  2 redbacks (Lair:2)
  25 yaks
  7 wraiths
  3 wyverns (Lair:6)
  A water elemental (D:14)
  17 humans (D:13)
  2 hungry ghosts
  A basilisk (Lair:6)
  2 hogs (D:15)
  3 steam dragons
  10 vampire mosquitoes
  10 swamp worms
  3 wargs
  2 acid dragons
  6 soldier ants
  6 water moccasins
  4 hell hounds (Lair:6)
  6 porcupines
  3 swamp drakes
  33 orc warriors
  2 sky beasts
  3 black bears
  A slave (D:5)
  4 ice beasts
  2 phantoms
  11 ogres
  13 wolves
  A centaur (D:12)
  7 crocodiles
  5 big kobolds
  12 bullfrogs
  A wyvern skeleton (D:11)
  A water moccasin skeleton (D:12)
  A hornet simulacrum (D:15)
  4 scorpions
  4 killer bees (D:10)
  8 wights
  An electric eel (Lair:4)
  A howler monkey (D:8)
  2 crimson imps
  4 lava snakes (Lair:6)
  A bullfrog zombie (D:12)
  A quasit (D:10)
  3 hounds
  12 orc priests
  6 jellies
  17 orc wizards
  A bullfrog skeleton (D:13)
  A centaur skeleton (D:4)
  4 iguanas
  17 worker ants
  A hound zombie (D:9)
  A howler monkey zombie (D:5)
  10 adders
  A howler monkey skeleton (D:5)
  A shadow imp (D:12)
  An ooze (D:4)
  2 adder skeletons (D:4)
  2 worms (D:2)
  3 dart slugs (D:1)
  3 leopard geckos
  60 orcs
  4 bats
  7 giant cockroaches
  2 goblins
  12 hobgoblins
  3 jackals (D:6)
  24 kobolds
  9 quokkas
  2 ball pythons (D:1)
  4 frilled lizards
  A leopard gecko skeleton (D:8)
  4 rats
  A fungus (Orc:2)
609 creatures vanquished.

Vanquished Creatures (others)
  A hydra (D:14)
  A spiny frog (Lair:4)
  A steam dragon (Swamp:4)
  A swamp worm (Swamp:3)
  2 swamp drakes (Swamp:4)
  An ogre (D:5)
  A hound (D:5)
  A centaur skeleton (D:5)
  An orc (Orc:1)
  5 fungi
  2 plants
17 creatures vanquished.

Grand Total: 835 creatures vanquished

Notes
Turn   | Place    | Note
-------+----------+-------------------------------------------
     0 | D:1      | Illumine the Gnoll Summoner began the quest for the Orb.
     0 | D:1      | Reached XP level 1. HP: 13/13 MP: 6/6
   573 | D:1      | Reached XP level 2. HP: 19/19 MP: 2/7
   577 | D:1      | Learned a level 2 spell: Call Imp
  1392 | D:2      | Reached XP level 3. HP: 25/25 MP: 6/9
  1492 | D:2      | Reached skill level 5 in Spellcasting
  1501 | D:2      | Learned a level 3 spell: Call Canine Familiar
  1505 | D:2      | Learned a level 3 spell: Summon Guardian Golem
  1744 | D:2      | Reached skill level 1 in Invocations
  2431 | D:3      | Found an iron altar of Okawaru.
  2438 | D:3      | Reached skill level 1 in Fighting
  2438 | D:3      | Reached skill level 1 in Short Blades
  2438 | D:3      | Reached skill level 1 in Long Blades
  2438 | D:3      | Reached skill level 1 in Axes
  2438 | D:3      | Reached skill level 1 in Maces & Flails
  2438 | D:3      | Reached skill level 1 in Polearms
  2438 | D:3      | Reached skill level 1 in Staves
  2438 | D:3      | Reached skill level 1 in Slings
  2438 | D:3      | Reached skill level 1 in Bows
  2438 | D:3      | Reached skill level 1 in Crossbows
  2438 | D:3      | Reached skill level 1 in Throwing
  2438 | D:3      | Reached skill level 1 in Armour
  2438 | D:3      | Reached skill level 1 in Shields
  2438 | D:3      | Reached skill level 1 in Unarmed Combat
  2438 | D:3      | Reached skill level 1 in Evocations
  2505 | D:3      | Reached XP level 4. HP: 28/32 MP: 4/11
  2622 | D:3      | Learned a level 4 spell: Summon Lightning Spire
  3102 | D:3      | Found an ornate altar of the Wu Jian Council.
  3384 | D:4      | Noticed an ogre
  3395 | D:4      | Killed an ogre
  3395 | D:4      | Reached skill level 1 in Conjurations
  3395 | D:4      | Reached skill level 1 in Hexes
  3395 | D:4      | Reached skill level 1 in Charms
  3395 | D:4      | Reached skill level 1 in Necromancy
  3395 | D:4      | Reached skill level 1 in Translocations
  3395 | D:4      | Reached skill level 1 in Transmutations
  3395 | D:4      | Reached skill level 1 in Fire Magic
  3395 | D:4      | Reached skill level 1 in Ice Magic
  3395 | D:4      | Reached skill level 1 in Air Magic
  3395 | D:4      | Reached skill level 1 in Earth Magic
  3395 | D:4      | Reached skill level 1 in Poison Magic
  3395 | D:4      | Reached XP level 5. HP: 37/37 MP: 8/12
  3649 | D:4      | Found a shadowy altar of Dithmenos.
  3762 | D:4      | Noticed an ogre
  3773 | D:4      | Killed an ogre
  4163 | D:5      | Entered Level 5 of the Dungeon
  4177 | D:5      | Reached XP level 6. HP: 44/44 MP: 4/13
  4302 | D:5      | Noticed Prince Ribbit
  4416 | D:5      | Noticed a sky beast
  4446 | D:5      | Killed a sky beast
  4539 | D:5      | Reached skill level 5 in Dodging
  4542 | D:5      | Noticed an ice beast
  4563 | D:5      | Noticed a slave
  4563 | D:5      | Noticed a slave
  4563 | D:5      | Noticed a slave
  4564 | D:5      | Noticed Pikel
  4810 | D:6      | Noticed an ice beast
  4860 | D:6      | Noticed a black bear
  4870 | D:6      | Killed a black bear
  4870 | D:6      | Reached XP level 7. HP: 50/50 MP: 5/15
  5200 | D:6      | Learned a level 4 spell: Summon Ice Beast
  5299 | D:6      | Found a blossoming altar of Fedhas.
  5325 | D:6      | Reached skill level 5 in Stealth
  5379 | D:6      | Found a staircase to the Ecumenical Temple.
  5394 | Temple   | Entered the Ecumenical Temple
  5452 | Temple   | Became a worshipper of Sif Muna the Loreminder
  5666 | D:6      | Reached XP level 8. HP: 52/57 MP: 16/16
  5698 | D:6      | Reached skill level 5 in Fighting
  5698 | D:6      | Reached skill level 5 in Short Blades
  5698 | D:6      | Reached skill level 5 in Long Blades
  5698 | D:6      | Reached skill level 5 in Axes
  5698 | D:6      | Reached skill level 5 in Maces & Flails
  5698 | D:6      | Reached skill level 5 in Polearms
  5698 | D:6      | Reached skill level 5 in Staves
  5698 | D:6      | Reached skill level 5 in Slings
  5698 | D:6      | Reached skill level 5 in Bows
  5698 | D:6      | Reached skill level 5 in Crossbows
  5698 | D:6      | Reached skill level 5 in Throwing
  5698 | D:6      | Reached skill level 5 in Armour
  5698 | D:6      | Reached skill level 5 in Shields
  5698 | D:6      | Reached skill level 5 in Unarmed Combat
  5698 | D:6      | Reached skill level 5 in Invocations
  5698 | D:6      | Reached skill level 5 in Evocations
  5698 | D:6      | Reached XP level 9. HP: 68/68 MP: 10/20
  6517 | D:5      | Killed Pikel
  6517 | D:5      | Reached * piety under Sif Muna
  7180 | D:5      | Killed Prince Ribbit
  7604 | D:7      | Found a runed translucent gate.
  7604 | D:7      | Found a runed translucent gate.
  7604 | D:7      | Found a runed translucent gate.
  7608 | D:7      | Identified the +6 plate armour "Deqipnos" {Str+3}
  7610 | D:7      | Found a roughly hewn altar of Beogh.
  7610 | D:7      | Noticed iishen's ghost (novice CeHu)
  7707 | D:7      | Got a faintly humming helmet
  8350 | D:8      | Noticed Psyche
  8359 | D:8      | Killed Psyche
  8359 | D:8      | Reached ** piety under Sif Muna
  8711 | D:8      | Reached XP level 10. HP: 76/76 MP: 21/21
  8813 | D:8      | Identified the cursed -6 helmet of the Prince {rElec MR+
                  | Str+6 Dex-4} (You found it on level 7 of the Dungeon)
  9374 | D:9      | Learned a level 1 spell: Apportation
  9526 | D:9      | Noticed a two-headed ogre
  9534 | D:9      | Killed a two-headed ogre
 10390 | D:10     | Entered Level 10 of the Dungeon
 10630 | D:10     | Noticed Sonja
 10649 | D:10     | Killed Sonja
 10649 | D:10     | Reached *** piety under Sif Muna
 10649 | D:10     | Reached skill level 5 in Conjurations
 10649 | D:10     | Reached skill level 5 in Hexes
 10649 | D:10     | Reached skill level 5 in Charms
 10649 | D:10     | Reached skill level 5 in Necromancy
 10649 | D:10     | Reached skill level 5 in Translocations
 10649 | D:10     | Reached skill level 5 in Transmutations
 10649 | D:10     | Reached skill level 5 in Fire Magic
 10649 | D:10     | Reached skill level 5 in Ice Magic
 10649 | D:10     | Reached skill level 5 in Air Magic
 10649 | D:10     | Reached skill level 5 in Earth Magic
 10649 | D:10     | Reached skill level 5 in Poison Magic
 12463 | D:11     | Noticed a two-headed ogre
 12488 | D:11     | Found a staircase to the Lair.
 12608 | D:11     | Reached XP level 11. HP: 31/81 MP: 5/23
 12838 | D:11     | Noticed a seven-headed hydra
 12858 | D:11     | Killed a seven-headed hydra
 12991 | D:11     | Reached **** piety under Sif Muna
 13287 | D:11     | Noticed Fannar
 13487 | D:11     | Killed a two-headed ogre
 13510 | D:11     | Killed Fannar
 14105 | Lair:1   | Entered Level 1 of the Lair of Beasts
 14114 | Lair:1   | Noticed a five-headed hydra
 14127 | Lair:1   | Found the +6 shillelagh "Devastator" {shatter}
 14236 | Lair:2   | Found a transporter.
 14237 | Lair:2   | Noticed Weugil's ghost (journeyman HaBe)
 14238 | Lair:2   | Found a transporter.
 14338 | Lair:2   | Found a hole to the Spider Nest.
 16312 | Lair:4   | Found a staircase to the Swamp.
 16316 | Lair:4   | Noticed a swamp dragon
 16326 | Lair:4   | Killed a swamp dragon
 16326 | Lair:4   | Reached ***** piety under Sif Muna
 16326 | Lair:4   | Identified Sif Muna's Reference Book on Twisted
                  | Transmutation (Sif Muna gifted it to you on level 4 of the
                  | Lair of Beasts)
 16326 | Lair:4   | Received a gift from Sif Muna
 16504 | Lair:4   | Reached XP level 12. HP: 45/91 MP: 13/24
 17214 | Lair:4   | Found a runed translucent gate.
 17214 | Lair:4   | Found a runed translucent gate.
 17215 | Lair:4   | Found a runed translucent gate.
 17216 | Lair:4   | Noticed Nyzic's ghost (journeyman TrMo)
 18075 | Lair:5   | Found a runed translucent gate.
 18075 | Lair:5   | Found a runed translucent gate.
 18077 | Lair:5   | Found a runed translucent gate.
 18080 | Lair:5   | Noticed Qeimiotua's ghost (journeyman MiFi)
 18512 | Lair:6   | Entered Level 6 of the Lair of Beasts
 18512 | Lair:6   | Noticed a five-headed hydra
 18575 | Lair:6   | Killed a five-headed hydra
 18789 | Lair:6   | Noticed a queen ant
 18804 | Lair:6   | Noticed an entropy weaver
 18809 | Lair:6   | Killed an entropy weaver
 19045 | Lair:6   | Killed a queen ant
 19110 | Lair:6   | Noticed an entropy weaver
 19134 | Lair:6   | Killed an entropy weaver
 19641 | Lair:6   | Found a staircase to the Slime Pits.
 20473 | Lair:6   | Learned a level 4 spell: Passage of Golubria
 20662 | Lair:6   | Noticed a fire dragon
 20663 | Lair:6   | Found a large runed translucent door.
 20777 | Lair:6   | Found a large runed translucent door.
 20868 | Lair:6   | Killed a fire dragon
 20868 | Lair:6   | Reached XP level 13. HP: 81/98 MP: 11/26
 22074 | D:7      | Killed iishen's ghost
 22170 | D:7      | Identified Sif Muna's Compendium of Ghastly Confrontation
                  | (Sif Muna gifted it to you on level 7 of the Dungeon)
 22170 | D:7      | Received a gift from Sif Muna
 22180 | D:7      | Got a faintly glowing cloak
 22455 | D:12     | Noticed Josephine
 22457 | D:12     | Noticed Rupert
 22580 | D:12     | Killed Josephine
 22753 | D:12     | Paralysed by Rupert for 3 turns
 22758 | D:12     | Paralysed by Rupert for 7 turns
 22770 | D:12     | Paralysed by Rupert for 2 turns
 23112 | D:12     | Killed Rupert
 23618 | D:12     | Identified the +1 cloak of Protective Custody {rC+ Int+5}
                  | (You found it on level 7 of the Dungeon)
 23866 | D:12     | Found a staircase to the Orcish Mines.
 24030 | Orc:1    | Entered Level 1 of the Orcish Mines
 24030 | Orc:1    | Noticed Gastronok
 24048 | Orc:1    | Killed Gastronok
 24048 | Orc:1    | Reached skill level 10 in Summonings
 24141 | Orc:1    | Found a dark tunnel.
 24146 | Volcano  | Entered a volcano
 24223 | Volcano  | Noticed a red draconian
 24246 | Volcano  | Killed a red draconian
 24782 | Orc:1    | Received a gift from Sif Muna
 25192 | Orc:1    | Found a bloodstained altar of Trog.
 25399 | Orc:2    | Entered Level 2 of the Orcish Mines
 26327 | D:13     | Reached skill level 10 in Spellcasting
 26847 | D:13     | Found a gate to the Vaults.
 26847 | D:13     | Noticed a vault guard
 26847 | D:13     | Noticed a vault guard
 27247 | D:13     | Killed a vault guard
 27256 | D:13     | Reached XP level 14. HP: 29/106 MP: 18/28
 27261 | D:13     | Reached skill level 10 in Dodging
 27689 | D:13     | Found an iron altar of Okawaru.
 27780 | D:13     | Found a glowing golden altar of the Shining One.
 28160 | D:14     | Identified Roxanne's Disquisition on Shape Shifting
 28160 | D:14     | Noticed Roxanne
 28319 | D:14     | Identified Sif Muna's Guide on Supportive Heat (Sif Muna
                  | gifted it to you on level 14 of the Dungeon)
 28319 | D:14     | Received a gift from Sif Muna
 28348 | D:14     | Learned a level 1 spell: Summon Butterflies
 28647 | D:14     | Killed Roxanne
 28834 | D:14     | Reached skill level 10 in Stealth
 29252 | Orc:2    | Found Mitam's General Store.
 29402 | Orc:2    | Found Bepessap's Jewellery Shoppe.
 29772 | Orc:2    | Found Beqex's Antique Armour Emporium.
 29922 | Orc:2    | Found a staircase to the Elven Halls.
 29930 | Orc:2    | Noticed a stone giant
 29932 | Orc:2    | Noticed an orc warlord
 30506 | Orc:2    | Reached skill level 10 in Invocations
 30541 | Orc:2    | Found Seqoil's Antique Weapon Boutique.
 30852 | Orc:1    | Killed an orc warlord
 31499 | Orc:2    | Killed a stone giant
 32464 | D:15     | Entered Level 15 of the Dungeon
 32876 | D:15     | Noticed Kirke
 32887 | D:15     | Killed Kirke
 33372 | D:14     | Received a gift from Sif Muna
 35115 | Swamp:1  | Entered Level 1 of the Swamp
 35228 | Swamp:1  | Got a faintly glowing robe
 35239 | Swamp:1  | Identified the +1 robe "Uruwuti" {Regen+ rCorr Str-3 Int-3}
                  | (You found it on level 1 of the Swamp)
 36191 | Swamp:1  | Reached XP level 15. HP: 114/114 MP: 27/29
 37654 | Swamp:3  | Upgraded the game from 0.25-a0-942-g87a5396 to
                  | 0.25-a0-949-gdd2af9e
 38603 | Swamp:4  | Entered Level 4 of the Swamp
 39733 | Swamp:2  | Noticed Aizul
 39779 | Swamp:2  | Killed Aizul
 40439 | Lair:2   | Killed Weugil's ghost
 40554 | Spider:1 | Entered Level 1 of the Spider Nest
 40968 | Elf:1    | Entered Level 1 of the Elven Halls
 41041 | Elf:1    | Found a magical portal.
 41250 | WizLab   | Reached skill level 10 in Fighting
 41250 | WizLab   | Reached skill level 10 in Short Blades
 41250 | WizLab   | Reached skill level 10 in Long Blades
 41250 | WizLab   | Reached skill level 10 in Axes
 41250 | WizLab   | Reached skill level 10 in Maces & Flails
 41250 | WizLab   | Reached skill level 10 in Polearms
 41250 | WizLab   | Reached skill level 10 in Staves
 41250 | WizLab   | Reached skill level 10 in Slings
 41250 | WizLab   | Reached skill level 10 in Bows
 41250 | WizLab   | Reached skill level 10 in Crossbows
 41250 | WizLab   | Reached skill level 10 in Throwing
 41250 | WizLab   | Reached skill level 10 in Armour
 41250 | WizLab   | Reached skill level 10 in Shields
 41250 | WizLab   | Reached skill level 10 in Unarmed Combat
 41250 | WizLab   | Reached skill level 10 in Evocations
 42145 | WizLab   | HP: 3/115 [deep elf mage/magic dart (5)]
 42146 | WizLab   | Killed from afar by a purple draconian

Levels and vault maps discovered:
D:1:      scummos_arrival_hexagon, layout_basic
D:2:      layout_rooms, chequers_serial_rivers_micro_c, roderic_lattice_a,
          nrook_loot_triangle, roderic_nine_men_s_morris
D:3:      layout_basic, lemuel_doored_altar, okawaru_gym_becter
D:4:      layout_gridville, grunt_dithmenos_smoke_and_mirrors
D:5:      layout_loops_cross, first_ration, uniq_pikel, uniq_prince_ribbit1
D:6:      layout_gridville, minmay_temple_entry_mist, serial_co_window_serial,
          co_window_of_opportunity_a, co_window_paths_a, co_window_paths_a,
          co_window_corner_a, co_window_corner_a, co_window_of_opportunity_c,
          co_window_cross_4, co_window_corner_b, co_window_2corner,
          co_window_corner_ca, glass_columns_b, glass_columns_c,
          glass_columns_c, glass_columns_b, glass_columns_a, chequers_avenue,
          fedhas_ov_isle_minmay
D:7:      layout_rooms, biasface_ghost_orc_armoury, corexii_hall_statues_l,
          the_bakery, minmay_microvault
D:8:      layout_basic, uniq_psyche
D:9:      layout_loops_ring
D:10:     layout_grid_maze, amethyst_killhole, serial_bayou_ford_a, uniq_sonja
D:11:     layout_roguey, dpeg_oklobed_lair, uniq_fannar
D:12:     layout_cave_pools, david_orc_2, uniq_josephine, uniq_rupert
D:13:     layout_basic, grunt_vaults_entry_tiered, basic_altar, tso_altar
D:14:     layout_loops_cross, fountainhead, uniq_roxanne
D:15:     grunt_enter_depths_magical_seal, layout_basic,
          minmay_misc_feat_more_columns, patterned_corridor, uniq_kirke,
          uniq_agnes
Temple:   minmay_crystal_snake_temple
Lair:1:   layout_long_grid, serial_bayou_crossing, grunt_megastairs_2
Lair:2:   layout_chaotic_city, spider_nest_entry_a, gammafunk_ghost_arena,
          beast_lair_carwin_10, serial_bayou_shore_b, serial_bayou_shore_b
Lair:3:   layout_roguey [special_room_bee]
Lair:4:   layout_misc_corridors, minmay_swamp_entry_reptiles,
          ebering_ghost_rock_garden, minmay_lair_oklob_chamber,
          serial_bayou_shore_a
Lair:5:   layout_hall_layers, gammafunk_ghost_necromancy, serial_bayou_shore_b
Lair:6:   cheibrodos_lair_end_hotspot, layout_loops_ring, slime_dummy,
          minmay_another_anthill
Swamp:1:  layout_basic_swamp, evilmike_swamp_ruin_house_1
Swamp:2:  layout_falls_marsh, evilmike_swamp_ruin_house_5, uniq_aizul
Swamp:3:  layout_basic_swamp, nicolae_swamp_treefoil
Swamp:4:  swamp_fiery, layout_basic_swamp, gammafunk_ghost_cemetery
Spider:1: layout_spider_delve, gammafunk_ghost_berserking_beasts, uniq_azrael
Orc:1:    layout_diamond_mine, nicolae_volcano_entry_s_turn, basic_altar,
          uniq_gastronok
Orc:2:    grunt_orc_gardens, layout_caves, grunt_orc_garden, grunt_orc_garden,
          grunt_orc_garden, grunt_orc_garden, nicolae_orc_stony_grotto
Elf:1:    layout_loops_cross, lightli_enter_wizlab_magi_temple,
          hangedman_elf_disciples, minivault_5, drop_trap, minivault_26
WizLab:   wizlab_iskenderun

Skill      XL: |  1  2  3  4  5  6  7  8  9 10 11 12 13 14 15 |
---------------+----------------------------------------------+-----
Spellcasting   | 5 7 8 9 10 11 | 11.1
Invocations    | 1 2 3 5 6 7 8 9 10 | 10.8
Fighting       | 1 2 5 6 7 8 9 10 | 10.0
Short Blades   | 1 2 5 6 7 8 9 10 | 10.0
Long Blades    | 1 2 5 6 7 8 9 10 | 10.0
Axes           | 1 2 5 6 7 8 9 10 | 10.0
Maces & Flails | 1 2 5 6 7 8 9 10 | 10.0
Polearms       | 1 2 5 6 7 8 9 10 | 10.0
Staves         | 1 2 5 6 7 8 9 10 | 10.0
Slings         | 1 2 5 6 7 8 9 10 | 10.0
Bows           | 1 2 5 6 7 8 9 10 | 10.0
Crossbows      | 1 2 5 6 7 8 9 10 | 10.0
Throwing       | 1 2 5 6 7 8 9 10 | 10.0
Armour         | 1 2 5 6 7 8 9 10 | 10.0
Shields        | 1 2 5 6 7 8 9 10 | 10.0
Unarmed Combat | 1 2 5 6 7 8 9 10 | 10.0
Evocations     | 1 2 5 6 7 8 9 10 | 10.0
Conjurations   | 1 2 4 5 6 7 8 |  8.4
Hexes          | 1 2 4 5 6 7 8 |  8.4
Charms         | 1 2 4 5 6 7 8 |  8.4
Necromancy     | 1 2 4 5 6 7 8 |  8.4
Translocations | 1 2 4 5 6 7 8 |  8.4
Transmutations | 1 2 4 5 6 7 8 |  8.4
Fire Magic     | 1 2 4 5 6 7 8 |  8.4
Ice Magic      | 1 2 4 5 6 7 8 |  8.4
Air Magic      | 1 2 4 5 6 7 8 |  8.4
Earth Magic    | 1 2 4 5 6 7 8 |  8.4
Poison Magic   | 1 2 4 5 6 7 8 |  8.4
Dodging        | 5 7 8 9 10 11 | 11.0
Stealth        | 5 6 7 8 9 10 | 10.8
Summonings     | 8 9 10 | 10.9

Action                   |  1- 3 |  4- 6 |  7- 9 | 10-12 | 13-15 || total
-------------------------+-------+-------+-------+-------+-------++-------
Melee: Dagger            |     1 |    24 |       |   264 |   240 ||   529
       Bite              |       |     5 |    12 |    38 |    84 ||   139
       Falchion          |       |       |    80 |    67 |   343 ||   490
       Punch             |       |       |     2 |     2 |     1 ||     5
       Shillelagh        |       |       |       |     4 |    33 ||    37
       Executioner's axe |       |       |       |       |     8 ||     8
 Cast: Summon Small Mamm |    36 |       |       |       |       ||    36
       Call Imp          |    29 |    32 |    26 |    10 |    16 ||   113
       Call Canine Famil |     6 |    22 |    19 |    17 |    14 ||    78
       Summon Guardian G |       |     1 |    19 |     8 |    15 ||    43
       Summon Lightning  |       |       |    14 |   108 |   218 ||   340
       Summon Ice Beast  |       |       |       |   111 |   209 ||   320
       Apportation       |       |       |       |     1 |     6 ||     7
       Passage of Golubr |       |       |       |     4 |     7 ||    11
       Summon Butterflie |       |       |       |       |     2 ||     2
Invok: Channel Magic     |       |       |       |       |     2 ||     2
Evoke: Wand              |       |       |       |       |     2 ||     2
  Use: Potion            |     1 |     2 |     1 |       |     8 ||    12
       Scroll            |       |    11 |     3 |     9 |    11 ||    34
 Stab: Sleeping          |       |       |     8 |     7 |     6 ||    21
       Distracted        |       |       |     1 |    11 |    20 ||    32
  Eat: Chunk             |     4 |     5 |     6 |    31 |    35 ||    81
       Ration            |     1 |     1 |     2 |     6 |    11 ||    21
Armor: Robe              |     1 |     9 |    31 |    43 |    86 ||   170
       Swamp dragon scal |       |       |       |       |    81 ||    81
Dodge: Dodged            |    11 |    24 |    69 |   215 |   482 ||   801
Block: Buckler           |       |       |       |    67 |   186 ||   253
       Rpst.: Falchion   |       |       |    15 |    14 |    52 ||    81

Table legend:
 A = Non-vault XP
 B = Vault XP
 C = Vault XP percentage of total XP
 D = Non-vault monster count
 E = Vault monster count
 F = Vault count percentage of total count
                 A         B        C        D         E       F
            +---------+---------+-------+---------+---------+-------
      Total |   69475 |   37542 |  35.1 |     632 |     186 |  22.7
            +---------+---------+-------+---------+---------+-------
        D:1 |      23 |       0 |   0.0 |      19 |       0 |   0.0
        D:2 |      45 |       0 |   0.0 |      23 |       0 |   0.0
        D:3 |      27 |       0 |   0.0 |      14 |       0 |   0.0
        D:4 |     220 |       0 |   0.0 |      14 |       0 |   0.0
        D:5 |     457 |     626 |  57.8 |      24 |       2 |   7.7
        D:6 |     980 |       0 |   0.0 |      35 |       0 |   0.0
        D:7 |     417 |    1085 |  72.2 |      16 |      14 |  46.7
        D:8 |     506 |      73 |  12.6 |      23 |       1 |   4.2
        D:9 |    1595 |       0 |   0.0 |      31 |       0 |   0.0
       D:10 |    2128 |     407 |  16.1 |      39 |       1 |   2.5
       D:11 |    2733 |     493 |  15.3 |      30 |       1 |   3.2
       D:12 |    3066 |    2345 |  43.3 |      36 |      13 |  26.5
       D:13 |    7296 |    4763 |  39.5 |      42 |      25 |  37.3
       D:14 |    9689 |    1025 |   9.6 |      50 |       1 |   2.0
       D:15 |    6723 |    1714 |  20.3 |      27 |       6 |  18.2
     Lair:1 |    2709 |      79 |   2.8 |      18 |       1 |   5.3
     Lair:2 |    1222 |    1891 |  60.7 |       9 |      18 |  66.7
     Lair:3 |    1763 |       0 |   0.0 |      13 |       0 |   0.0
     Lair:4 |    2492 |     401 |  13.9 |      19 |       4 |  17.4
     Lair:5 |    1850 |       0 |   0.0 |      12 |       0 |   0.0
     Lair:6 |    2601 |    8713 |  77.0 |      20 |      57 |  74.0
    Swamp:1 |    5356 |       0 |   0.0 |      22 |       0 |   0.0
    Swamp:2 |    5397 |     865 |  13.8 |      21 |       1 |   4.5
    Swamp:3 |    4750 |       0 |   0.0 |      17 |       0 |   0.0
    Swamp:4 |     750 |      27 |   3.5 |       4 |       1 |  20.0
   Spider:1 |    1047 |       0 |   0.0 |       4 |       0 |   0.0
      Orc:1 |    2082 |    3252 |  61.0 |      43 |       7 |  14.0
      Orc:2 |    1274 |    3046 |  70.5 |       6 |      21 |  77.8
      Elf:1 |     277 |       0 |   0.0 |       1 |       0 |   0.0
    Volcano |       0 |    1622 | 100.0 |       0 |       3 | 100.0
     WizLab |       0 |    5115 | 100.0 |       0 |       9 | 100.0
            +---------+---------+-------+---------+---------+-------
